cohdb
Replays
Latest Replays
All Replays
Popular Replays
Top Player Replays
Match Explorer
How It Works
Community
CoH3 Stats
Reddit
Sign in to upload your games and track your stats! →
Sign in with Steam
Match 45176813
Unlisted
Match 45176813
Overview
Messages
Build Orders
End
Construct Infanterie Kompanie
Grenadier Squad
Selects Breakthrough Battlegroup
Grenadier Squad
Selects Assault Grenadiers
MG 42 Machine Gun Team
Grenadier Squad
Infanterie Officer Quarters
Selects Rapid Production
MG 42 Machine Gun Team
Pioneer Squad
Construct Luftwaffe Kompanie
GrW 34 Mortar Team
Selects Breakthrough
Support Elements
Wirbelwind Flakpanzer
Jäger Squad
Selects Mechanized Assault Group
Jäger Squad
Medical Station
Grenadier Squad
Mechanized Assault Group
MG 42 Machine Gun Team
Selects Blitzkrieg
Wirbelwind Flakpanzer
Selects Tiger Heavy Tank
Tiger Heavy Tank
Grenadier Squad
Pioneer Squad
Jäger Squad
Construct Panzergrenadier Kompanie
pagep
7k this year for sure
GluteusMaximus
Svin
0
0
Comments
sign in to comment!
No comments posted yet!